 Dungeon Crawl Stone Soup version 0.31-a0-174-g85c54bcb58 (webtiles) character file.

Game seed: 17871216423999197793

30365 dohliylev the Swashbuckler (level 13, -2/122 HPs)
             Began as a Minotaur Berserker on June 15, 2023.
             Was an Elder of Trog.
             Slain by a sun demon (10 damage)
             ... on level 2 of the Abyss.
             The game lasted 00:34:29 (11083 turns).

dohliylev the Swashbuckler (Minotaur Berserker)    Turns: 11083, Time: 00:34:30

Health: -2/122     AC: 19    Str: 25    XL:     13   Next: 20%
Magic:  12/12      EV: 11    Int: 12    God:    Trog [****..]
Gold:   919        SH:  0    Dex: 10    Spells: 12/12 levels left

rFire   . . .        r - +9 rapier of the Rotten God {speed, Int+4}
rCold   + . .        (no shield)
rNeg    + . .        T - +2 chain mail {rC+}
rPois   .            (helmet restricted)
rElec   .            G - +0 cloak
rCorr   +            h - +0 pair of gloves
SInv    .            w - +0 pair of boots
Will    ++...        Q - amulet of regeneration Stlth
                     S - ring of positive energy
HPRegen 2.20/turn    m - ring of resist corrosion
MPRegen 0.13/turn

%: no passive effects
@: strong-willed, on berserk cooldown, regenerating, unable to read
A: horns 2, retaliatory headbutt, clever 1, deterioration 1, inability to read
after injury 2, MP-powered wands, devolution 1
a: Renounce Religion, Berserk, Trog's Hand, Brothers in Arms


You were on level 2 of the Abyss.
You worshipped Trog.
Trog was greatly pleased with you.
You visited 1 branch of the dungeon, and saw 12 of its levels.
You visited the Abyss 2 times.
You also visited: Ossuary.

You collected 919 gold pieces.

Inventory:

Hand Weapons
 r - the +9 rapier of the Rotten God (weapon) {speed, Int+4}
   (You found it on level 4 of the Dungeon)

   Int:       It affects your intelligence (+4).
 C - a +2 antimagic broad axe
Missiles
 L - 3 javelins
 N - 2 throwing nets
Armour
 c - a +2 robe of fire resistance
 h - a +0 pair of gloves (worn)
 w - a +0 pair of boots (worn)
 G - a +0 cloak (worn)
 J - +0 acid dragon scales
 T - a +2 chain mail of cold resistance (worn)
Jewellery
 j - a ring of protection from fire
 m - a ring of resist corrosion (right hand)
 p - a ring of see invisible
 u - a ring of flight
 Q - an amulet of regeneration (around neck)
 R - a ring of fire
 S - a ring of positive energy (left hand)
Wands
 A - a wand of digging (6)
 B - a wand of roots (20)
 K - a wand of flame (11)
 U - a wand of quicksilver (6)
 V - a wand of mindburst (4)
Scrolls
 b - 8 scrolls of teleportation
 f - 5 scrolls of poison
 k - 5 scrolls of identify
 o - a scroll of acquirement
 q - 3 scrolls of blinking
 s - a scroll of amnesia
 y - 6 scrolls of enchant weapon
 D - a scroll of enchant armour {unknown}
 H - 2 scrolls of fear {unknown}
 M - 2 scrolls of immolation {unknown}
 O - a scroll of vulnerability {unknown}
 P - 2 scrolls of revelation {unknown}
Potions
 a - 3 potions of lignification {unknown}
 d - 5 potions of curing {unknown}
 e - 4 potions of enlightenment {unknown}
 g - 2 potions of berserk rage {unknown}
 i - 5 potions of mutation {unknown}
 l - a potion of heal wounds
 n - 2 potions of invisibility {unknown}
 t - 2 potions of cancellation {unknown}
 v - 2 potions of brilliance {unknown}
 x - 5 potions of haste {unknown}
 z - 2 potions of might
 E - a potion of experience {unknown}
 F - 2 potions of attraction {unknown}
 I - a potion of degeneration {unknown}


   Skills:
 + Level 13.4 Fighting
 + Level 15.6 Short Blades
 + Level 7.2 Axes
 + Level 13.6 Armour
 + Level 7.0 Dodging


You had 12 spell levels left.
You didn't know any spells.
Your spell library was empty.

Dungeon Overview and Level Annotations

Branches:
Dungeon (12/15)            Temple (0/1) D:4            Lair (0/5) D:10
    Orc (0/2) D:12        Ossuary (visited)

Altars:
Dithmenos
Sif Muna
Uskayaw
Vehumet
Xom
Yredelemnul
The Shining One

Shops:
D:5 [   D:7 ?   D:9 :   D:12 =


Innate Abilities, Weirdness & Mutations

You have a pair of horns on your head.
You reflexively headbutt those who attack you in melee.
Your mind is acute. (Int +4, Str/Dex -1)
Your body sometimes deteriorates upon taking damage.
You sometimes lose the ability to read scrolls when taking damage.
You expend magic power (3 MP) to strengthen your wands.
You have hidden genetic defects.


Message History

You hit the sun demon but do no damage.
The sun demon is lightly wounded.
You barely miss the sun demon.
The sun demon is lightly wounded.
The sun demon hits you.
* * * LOW HITPOINT WARNING * * *
You are engulfed in flames!
* * * LOW HITPOINT WARNING * * *
Okay, then.
You cannot read scrolls in your current state!
You feel much better. The sun demon closely misses you.
You furiously retaliate!
You headbutt the sun demon.
The sun demon hits you but does no damage.
You're still recovering from your berserk rage.
You closely miss the sun demon.
You headbutt the sun demon, but do no damage.
Your skin crawls.
You feel strong-willed.
You feel yourself speed up.
The sun demon hits you but does no damage. x2
Your troll goes berserk!
Trog will no longer gift you weapons. The sun demon hits you.
* * * LOW HITPOINT WARNING * * *
You are engulfed in flames!
* * * LOW HITPOINT WARNING * * *
You barely miss the sun demon. You headbutt the sun demon.
The sun demon is lightly wounded.
The sun demon hits you but does no damage.
Your troll bites the sun demon but does no damage.
Your troll claws the sun demon but does no damage.
Your troll claws the sun demon!
You puncture the sun demon!
The sun demon is heavily wounded.
You hit the sun demon but do no damage.
You headbutt the sun demon, but do no damage.
The sun demon is heavily wounded.
The sun demon hits you!
* * * LOW HITPOINT WARNING * * *
You are engulfed in flames!
You die...

##### .....
#############.....
.......#...........
...................
............_.......
..........T........
. .......3@........
.. ......##........
. ......## ........
##.....# ..........
........ ..........
......##....##.....
...... # ....##....#
... ..# ....##... .
..... ##. .. .


You could see a sun demon (ally target) and a friendly troll (summoned,
berserk).

Vanquished Creatures
  A tentacled monstrosity (Abyss:2)
  2 tentacled starspawn (Abyss:2)
  A purple draconian (Abyss:2)
  A centaur warrior (D:11)
  5 two-headed ogres
  4 boulder beetles
  A thrashing horror (Abyss:2)
  A spatial maelstrom (Abyss:2)
  5 wizards
  A deep elf pyromancer (D:11)
  A manticore (D:12)
  A cyclops (D:11)
  A large abomination (Abyss:2)
  A worldbinder (Abyss:2)
  An ugly thing (D:11)
  Joseph (D:8)
  An unseen horror (D:12)
  A yaktaur (D:11)
  2 kobold demonologists (D:11)
  An ancient zyme (Abyss:2)
  2 trolls (D:11)
  A hornet (D:10)
  3 vampires
  7 shadows
  2 wraiths
  6 yaks
  3 wyverns
  3 neqoxecs (Abyss:2)
  A chaos spawn (Abyss:2)
  A steam dragon (D:10)
  5 vampire mosquitoes
  2 basilisks (D:10)
  A two-headed ogre zombie (D:12)
  Menkaure (D:5)
  3 acid dragons
  4 water moccasins (D:10)
  2 small abominations (Abyss:2)
  8 orc warriors
  3 ice beasts
  3 black bears
  2 ogres
  5 centaurs
  A phantom (D:12)
  4 kobold brigands
  2 bullfrogs (D:7)
  4 gnoll sergeants
  4 wights (D:8)
  25 killer bees
  3 troll zombies (D:12)
  5 howler monkeys (D:11)
  3 centaur zombies (Ossuary)
  3 jellies
  3 orc priests
  Crazy Yiuf (D:7)
  3 gnoll boudas
  5 hounds
  5 iguanas
  8 orc wizards
  4 ogre zombies (D:12)
  2 mummies (Ossuary)
  17 gnolls
  9 adders
  3 ufetubi
  3 adder zombies (Ossuary)
  3 worms
  2 dart slugs (D:4)
  32 orcs
  8 ball pythons
  3 bats
  7 endoplasms
  4 giant cockroaches
  5 goblins
  9 hobgoblins
  4 quokkas
  5 frilled lizards
  4 goblin skeletons (D:12)
  6 goblin zombies
  13 hobgoblin zombies
  A jackal zombie (Ossuary)
  25 kobolds
  6 kobold zombies (Ossuary)
  An orc skeleton (D:12)
  26 orc zombies
  6 rats
388 creatures vanquished.

Vanquished Creatures (collateral kills)
  A death knight (D:11)
  A cyclops (D:11)
2 creatures vanquished.

Vanquished Creatures (others)
  A lurking horror (Abyss:2)
  3 starspawn tentacles (Abyss:2)
4 creatures vanquished.

Grand Total: 394 creatures vanquished

Notes
Turn   | Place    | Note
-------+----------+-------------------------------------------
     0 | D:1      | dohliylev the Minotaur Berserker began the quest for the
                  | Orb.
     0 | D:1      | Reached XP level 1. HP: 19/19 MP: 0/0
   120 | D:1      | Reached XP level 2. HP: 26/27 MP: 1/1
   320 | D:1      | Reached XP level 3. HP: 33/33 MP: 2/2
   482 | D:2      | Found a basalt altar of Yredelemnul.
   582 | D:2      | Reached ** piety under Trog
  1076 | D:3      | Reached XP level 4. HP: 41/41 MP: 3/3
  1247 | D:3      | Reached skill level 5 in Axes
  1926 | D:4      | Reached XP level 5. HP: 47/47 MP: 4/4
  2238 | D:4      | Found a staircase to the Ecumenical Temple.
  2238 | D:4      | Identified the +9 rapier of the Rotten God {speed, Int+4}
  2404 | D:4      | Reached skill level 5 in Fighting
  2537 | D:5      | Entered Level 5 of the Dungeon
  2564 | D:5      | Found a glowing golden altar of the Shining One.
  2565 | D:5      | Found a shadowy altar of Dithmenos.
  2685 | D:5      | Noticed Menkaure
  2689 | D:5      | Killed Menkaure
  2690 | D:5      | Reached XP level 6. HP: 56/56 MP: 5/5
  2798 | D:5      | Found Qawyluh's Armour Emporium.
  2830 | D:5      | Reached skill level 1 in Short Blades
  2835 | D:5      | Reached XP level 7. HP: 35/61 MP: 6/6
  2931 | D:5      | Reached *** piety under Trog
  3036 | D:6      | Reached skill level 2 in Short Blades
  3073 | D:6      | Reached skill level 5 in Dodging
  3125 | D:6      | Reached skill level 3 in Short Blades
  3347 | D:6      | Found a radiant altar of Vehumet.
  3387 | D:6      | Reached skill level 4 in Short Blades
  3387 | D:6      | Reached XP level 8. HP: 61/70 MP: 7/7
  3435 | D:6      | Found a shimmering altar of Xom.
  3498 | D:6      | Reached skill level 5 in Short Blades
  3689 | D:6      | Found a shimmering blue altar of Sif Muna.
  3695 | D:6      | Reached skill level 6 in Short Blades
  4014 | D:7      | Identified a scroll of acquirement
  4136 | D:7      | Reached skill level 7 in Short Blades
  4157 | D:7      | Reached XP level 9. HP: 37/79 MP: 8/8
  4258 | D:7      | Found a sand-covered staircase.
  4270 | Ossuary  | Entered an ossuary
  4381 | Ossuary  | Reached **** piety under Trog
  4411 | Ossuary  | Reached skill level 8 in Short Blades
  4730 | D:7      | Found a runed translucent door.
  4731 | D:7      | Noticed Crazy Yiuf
  4736 | D:7      | Killed Crazy Yiuf
  4748 | D:7      | Identified the +0 hammer of Sewaysi {venom, Fly rC- MP+9}
  4839 | D:7      | Found Pupp's Magic Scroll Boutique.
  5095 | D:8      | Reached skill level 9 in Short Blades
  5509 | D:8      | Reached skill level 10 in Short Blades
  5628 | D:8      | Reached skill level 5 in Armour
  5719 | D:8      | Identified the +8 dagger of Jaoptedd {chaos, *Rage rF+ rN+
                  | Stlth+}
  5979 | D:8      | Noticed Joseph
  5986 | D:8      | Killed Joseph
  5987 | D:8      | Reached XP level 10. HP: 89/89 MP: 9/9
  6254 | D:9      | Found a hide-covered altar of Uskayaw.
  6294 | D:9      | Reached skill level 11 in Short Blades
  7061 | D:9      | Found Kenlofro's Book Boutique.
  7669 | D:10     | Entered Level 10 of the Dungeon
  7787 | D:10     | Noticed a two-headed ogre
  7796 | D:10     | Killed a two-headed ogre
  7797 | D:10     | Reached skill level 12 in Short Blades
  7894 | D:10     | Reached ***** piety under Trog
  7972 | D:10     | Reached XP level 11. HP: 61/99 MP: 10/10
  7979 | D:10     | Noticed a two-headed ogre
  8017 | D:10     | Reached skill level 10 in Fighting
  8021 | D:10     | Found a staircase to the Lair.
  8175 | D:10     | Killed a two-headed ogre
  8761 | D:11     | Reached skill level 13 in Short Blades
  8762 | D:11     | Noticed a two-headed ogre
  8769 | D:11     | Killed a two-headed ogre
  8792 | D:11     | Noticed a two-headed ogre
  8799 | D:11     | Killed a two-headed ogre
  8830 | D:11     | Noticed a wizard
  8836 | D:11     | Killed a wizard
  8844 | D:11     | Noticed a boulder beetle
  8845 | D:11     | Noticed a death knight
  9027 | D:11     | Noticed a boulder beetle
  9069 | D:11     | Killed a boulder beetle
  9145 | D:11     | Noticed a centaur warrior
  9159 | D:11     | Killed a centaur warrior
  9160 | D:11     | Reached skill level 14 in Short Blades
  9160 | D:11     | Reached skill level 10 in Armour
  9187 | D:11     | Noticed a green ugly thing
  9198 | D:11     | Killed a green ugly thing
  9344 | D:11     | Identified the staff of air "Quskygu" {rElec rF+ rC+ Will+}
  9350 | D:11     | Reached XP level 12. HP: 110/110 MP: 11/11
  9650 | D:11     | Killed a boulder beetle
  9670 | D:11     | Killed a death knight
  9765 | D:11     | Identified the +1 pair of gloves "Tuoll" {rElec}
  9812 | D:11     | Noticed a two-headed ogre
  9820 | D:11     | Killed a two-headed ogre
  9953 | D:12     | Found a staircase to the Orcish Mines.
 10056 | D:12     | Noticed a boulder beetle
 10085 | D:12     | Killed a boulder beetle
 10176 | D:12     | Received a gift from Trog
 10323 | D:12     | Found Talin's Jewellery Shop.
 10335 | D:12     | Noticed a boulder beetle
 10368 | D:12     | Killed a boulder beetle
 10420 | Abyss:2  | Cast into level 2 of the Abyss (a wizard)
 10544 | Abyss:2  | Noticed a tentacled starspawn
 10572 | Abyss:2  | Killed a tentacled starspawn
 10572 | Abyss:2  | Gained mutation: Your mind is acute. (Int +4, Str/Dex -1)
                  | [a neqoxec]
 10573 | Abyss:2  | Reached skill level 15 in Short Blades
 10582 | Abyss:2  | Gained mutation: You occasionally lose the ability to read
                  | scrolls when taking damage. [a neqoxec]
 10607 | Abyss:2  | Noticed a purple draconian
 10614 | Abyss:2  | Gained mutation: You have hidden genetic defects. [a
                  | neqoxec]
 10626 | Abyss:2  | Killed a purple draconian
 10740 | Abyss:2  | Noticed a tentacled starspawn
 10755 | Abyss:2  | Killed a tentacled starspawn
 10784 | Abyss:2  | Gained mutation: You expend magic power (3 MP) to
                  | strengthen your wands. [a neqoxec]
 10787 | Abyss:2  | Gained mutation: Your body sometimes deteriorates upon
                  | taking damage. [a neqoxec]
 10854 | Abyss:2  | Reached XP level 13. HP: 87/122 MP: 12/12
 10862 | Abyss:2  | Noticed a tentacled monstrosity
 10866 | Abyss:2  | Gained mutation: You sometimes lose the ability to read
                  | scrolls when taking damage. [hidden defects]
 10869 | D:12     | Escaped the Abyss
 10870 | D:12     | Identified the +0 robe of the Salamander {rF+ Str+3}
 11032 | Abyss:2  | Found a corrupted altar of Lugonu.
 11032 | Abyss:2  | Cast into level 2 of the Abyss (a wizard)
 11049 | Abyss:2  | Killed a tentacled monstrosity
 11075 | Abyss:2  | HP: 3/122 [sun demon (10)]
 11083 | Abyss:2  | Slain by a sun demon

Illustrated notes

Levels and vault maps discovered:
D:1:      minmay_arrival_three_doors, layout_rooms,
          chequers_serial_rivers_micro_a, minmay_heptomino_d4
D:2:      layout_basic, basic_altar
D:3:      layout_rooms, serial_bayou_pond_b
D:4:      layout_loops_corners, minmay_temple_entry_gardened_gates
D:5:      layout_basic, minitemple, serial_shops,
          nicolae_shop_just_a_little_nook, serial_glass, glass_columns_b,
          glass_columns_a, amcnicky_mini_rare_corridor_liquid, uniq_menkaure
D:6:      layout_basic, kennysheep_mini_moat, serial_rivers,
          chequers_serial_rivers_small_a, chequers_serial_rivers_micro_c,
          chequers_serial_rivers_large_b, chequers_serial_rivers_small_b,
          chequers_serial_rivers_marsh, chequers_serial_rivers_small_3,
          hangedman_feature_mirror, minmay_misc_feat_rugged
D:7:      layout_gridville, serial_shops, shop, enter_ossuary_3, st_stairs_7,
          minivault_11, moated_statue, uniq_crazy_yiuf_cottage
D:8:      layout_loops_corners, uniq_joseph
D:9:      layout_basic, mainiacjoe_overflow_small_starburst, serial_glass,
          glass_columns_b, glass_columns_a, serial_shops, nicolae_shop_crystal,
          minmay_misc_feat_chi, minivault_22
D:10:     layout_long_grid, minmay_lair_entry_grove
D:11:     minmay_the_grid_octo_tiled_squarecenter_mashed
          [minmay_the_grid_octo_tetromino_candy, minmay_the_grid_octo_pinwheel,
          minmay_the_grid_octo_checkered, minmay_the_grid_octo_fat_diamond,
          minmay_the_grid_square_5x5_megaprize_checkered,
          minmay_the_grid_square_5x5_slash, minmay_the_grid_square_5x5_lines,
          minmay_the_grid_square_5x5_six,
          minmay_the_grid_square_5x5_checkered_statues], layout_grid_maze
D:12:     minmay_smoke_and_mirrors, layout_loops_ring, zombieorc2_lemuel,
          serial_shops, nicolae_shop_waterfront
Abyss:2:  base: D:6, hangedman_abyss_or_decor_stagger, base: D:11,
          guppyfry_abyss_exit_glass_guarded

Skill      XL: |  1  2  3  4  5  6  7  8  9 10 11 12 13 |
---------------+----------------------------------------+-----
Axes           | 4 5 6 7 |  7.2
Fighting       | 4 5 6 7 8 9 11 13 | 13.4
Dodging        | 3 4 5 6 7 |  7.0
Armour         | 3 5 7 10 13 | 13.6
Short Blades   | 1 4 7 10 12 14 15 | 15.6

Action                     |  1- 3 |  4- 6 |  7- 9 | 10-12 | 13-15 || total
---------------------------+-------+-------+-------+-------+-------++-------
  Melee: Hand axe          |    82 |    77 |       |       |       ||   159
         Headbutt          |    10 |     8 |    71 |   181 |    19 ||   289
         Rapier            |       |    19 |   354 |   685 |    62 ||  1120
         Punch             |       |       |     2 |     7 |     2 ||    11
 Invoke: Berserk           |     2 |     1 |     5 |    12 |     1 ||    21
         Trog's Hand       |     1 |     1 |     3 |     5 |     1 ||    11
         Brothers in Arms  |       |       |       |     2 |     1 ||     3
    Use: Scroll            |       |       |     6 |       |       ||     6
         Potion            |       |       |       |       |     1 ||     1
   Stab: Sleeping          |     1 |     1 |       |       |       ||     2
 Armour: Robe              |    11 |    22 |    16 |       |       ||    49
         Plate armour      |       |       |   119 |   132 |       ||   251
         Chain mail        |       |       |       |    79 |    24 ||   103
  Dodge: Dodged            |    70 |    49 |   113 |   131 |     5 ||   368

Table legend: (Time is in decaauts)
 A = Elapsed time spent in this place.
 B = Non-inter-level travel time spent in this place.
 C = Inter-level travel time spent in this place.
 D = Time resting spent in this place.
 E = Time spent auto-exploring this place.
 F = Levels seen in this place.
 G = Mean time per level.
                   A        B        C        D        E       F      G
               +--------+--------+--------+--------+--------+-----+--------+
         Total |  10692 |  10474 |    218 |   1541 |   6239 |  15 |  712.8 |
       Dungeon |  10074 |   9856 |    218 |   1397 |   6084 |  12 |  839.5 |
         Abyss |    423 |    423 |      0 |    137 |     86 |   2 |  211.5 |
       Ossuary |    194 |    194 |      0 |      6 |     69 |   1 |  194.0 |
               +--------+--------+--------+--------+--------+-----+--------+

Top non-repeatable levels by time:
     D:9: 1359 daAuts
    D:11: 1196 daAuts
     D:8: 1137 daAuts
     D:6: 1007 daAuts
     D:4: 927 daAuts
    D:10: 852 daAuts
     D:7: 808 daAuts
    D:12: 654 daAuts
     D:3: 588 daAuts
     D:2: 553 daAuts
     D:5: 494 daAuts
     D:1: 492 daAuts
 Abyss:2: 423 daAuts
 Ossuary: 194 daAuts
